 Dungeon Crawl Stone Soup version 0.23.2-1-ga50397a6bc (webtiles) character file.

Game seed: 2866246897396730909

244 Revguard the Chopper (level 5, -3/39 HPs)
             Began as a Demonspawn Gladiator on Apr 16, 2019.
             Slain by an orc
             ... wielding a +0 dagger of electrocution
              (4 damage)
             ... on level 4 of the Dungeon.
             The game lasted 00:08:14 (3062 turns).

Revguard the Chopper (Demonspawn Gladiator)         Turns: 3062, Time: 00:08:17

Health: -3/39      AC: 12    Str: 15      XL:     5   Next: 83%
Magic:  5/5        EV: 12    Int:  9      God:
Gold:   117        SH:  0    Dex: 14 (15) Spells: 4/4 levels left

rFire    . . .     SeeInvis .   a - +0 war axe
rCold    . . .     Gourm    .   (no shield)
rNeg     + . .     Faith    .   n - +3 ring mail
rPois    .         Spirit   .   c - +0 helmet
rElec    .         Reflect  .   o - scarf {cloud immunity}
rCorr    .         Harm     .   m - +0 pair of gloves (curse)
MR       .....                  (no boots)
Stlth    +.........             (no amulet)
HPRegen  0.13/turn              g - ring of positive energy
MPRegen  0.09/turn              (no ring)

@: lightly drained
A: molten scales 1, rot immunity
a: no special abilities


You were on level 4 of the Dungeon.
You were hungry.

You visited 1 branch of the dungeon, and saw 4 of its levels.

You collected 117 gold pieces.

Inventory:

Hand Weapons
 a - a +0 war axe (weapon)
Missiles
 d - 3 throwing nets (quivered)
Armour
 c - a +0 helmet (worn)
 m - a cursed +0 pair of gloves (worn)
 n - a +3 ring mail (worn)
 o - a scarf of cloud immunity (worn)
Jewellery
 g - a ring of positive energy (left hand)
Wands
 b - a wand of scattershot (6)
Scrolls
 e - a scroll of magic mapping {unknown}
 h - a scroll of remove curse
 j - a scroll of enchant weapon
 k - a scroll of amnesia
 l - 2 scrolls of teleportation
 p - a scroll of blinking {unknown}
Potions
 q - a potion of magic
Comestibles
 f - 5 rations


   Skills:
 + Level 2.7(2.2) Fighting
 + Level 4.6(4.1) Axes
 - Level 1.7(1.2) Throwing
 + Level 2.0(1.5) Armour
 + Level 3.6(3.1) Dodging


You had 4 spell levels left.
You didn't know any spells.
Your spell library was empty.

Dungeon Overview and Level Annotations

Branches:
Dungeon (4/15)
 Temple: D:4-7

Altars:
Dithmenos
Elyvilon
Trog
Yredelemnul


Innate Abilities, Weirdness & Mutations

You are partially covered in molten scales. (AC +2)
You are immune to rotting.


Message History

You closely miss the orc. You hit the orc.
The orc hits you but does no damage. x2
You hit the worm but do no damage.
The worm is heavily wounded.
You hit the orc. You barely miss the orc. The orc closely misses you.
The orc hits you but does no damage. The worm barely misses you.
The orc hits you with a +0 short sword.
You hit the worm but do no damage.
The worm is moderately wounded.
You hit the orc.
You kill the orc!
You hit the orc. The orc barely misses you.
The worm bites you but does no damage. The orc hits you but does no damage.
You hit the worm.
The worm is heavily wounded.
You closely miss the orc. You barely miss the orc.
The orc hits you but does no damage.
You are electrocuted!
* * * LOW HITPOINT WARNING * * *
The orc hits you but does no damage. The worm closely misses you.
The orc hits you with a +0 dagger of electrocution.
You die...

.... .......
....... .#
....... ..#
....... ###...##
.......##@#.#..#
........oow....#
#..8...........
#...........?..
#8.8....<......
.##..............
...8.8...#.......
........##.......
.........#####...


You could see a worm and 2 orcs.

Vanquished Creatures
  An orc wizard (D:4)
  Terence (D:3)
  A hound skeleton (D:4)
  3 gnolls (D:3)
  7 adders
  3 worms
  A dart slug (D:3)
  3 leopard geckos
  3 orcs
  12 bats
  A giant cockroach (D:3)
  4 goblins
  7 hobgoblins
  9 jackals
  A quokka (D:3)
  A ball python (D:3)
  4 frilled lizards
  5 kobolds
  9 rats
76 creatures vanquished.

Notes
Turn   | Place    | Note
-------+----------+-------------------------------------------
     0 | D:1      | Revguard the Demonspawn Gladiator began the quest for the
                  | Orb.
     0 | D:1      | Reached XP level 1. HP: 16/16 MP: 1/1
   280 | D:1      | Gained mutation: You are partially covered in molten
                  | scales. (AC +2) [demonic ancestry]
   280 | D:1      | Reached XP level 2. HP: 15/22 MP: 2/2
   300 | D:1      | Reached skill level 3 in Axes
   864 | D:2      | Reached XP level 3. HP: 27/27 MP: 3/3
  1083 | D:2      | Found a shadowy altar of Dithmenos.
  1145 | D:2      | Reached skill level 1 in Armour
  1557 | D:2      | Found a basalt altar of Yredelemnul.
  1629 | D:2      | Gained mutation: You are immune to rotting. [demonic
                  | ancestry]
  1629 | D:2      | Reached XP level 4. HP: 34/34 MP: 4/4
  2290 | D:3      | Found a bloodstained altar of Trog.
  2408 | D:3      | Found a white marble altar of Elyvilon.
  2418 | D:3      | Reached skill level 4 in Axes
  2418 | D:3      | Reached XP level 5. HP: 16/39 MP: 5/5
  2624 | D:3      | Noticed Terence
  2644 | D:3      | Killed Terence
  3062 | D:4      | HP: 1/39 [orc/+0 dagger of electrocution (13)]
  3062 | D:4      | Slain by an orc

Skill      XL: |  1  2  3  4  5 |
---------------+----------------+-----
Dodging        | 3 |  3.6
Axes           | 3 4 |  4.6
Armour         | 1 2 |  2.0
Fighting       | |  2.7
Throwing       | |  1.7

Action                   |  1- 3 |  4- 6 || total
-------------------------+-------+-------++-------
Melee: War axe           |   153 |   146 ||   299
  Use: Potion            |     2 |     3 ||     5
       Scroll            |       |     5 ||     5
 Stab: Sleeping          |     1 |       ||     1
  Eat: Chunk             |     2 |     5 ||     7
Armor: Leather armour    |    79 |    14 ||    93
       Ring mail         |       |    66 ||    66
Dodge: Dodged            |   151 |   138 ||   289
